 Dungeon Crawl Stone Soup version 0.22-a0-379-ga9d99d6 (webtiles) character file.

24 poofeast420 the Chopper (level 3, -1/46 HPs)
             Began as a Hill Orc Berserker on Apr 28, 2018.
             Was a Follower of Trog.
             Slain by a quasit (2 damage)
             ... on level 2 of the Dungeon.
             The game lasted 00:00:50 (736 turns).

poofeast420 the Chopper (Hill Orc Berserker)         Turns: 736, Time: 00:00:50

Health: -1/46      AC:  4    Str: 25      XL:     3   Next: 2%
Magic:  3/3        EV: 11    Int:  7      God:    Trog [*.....]
Gold:   17         SH:  2    Dex:  8 (10) Spells: 2/2 levels left

rFire    . . .     SeeInvis .   a - +0 hand axe
rCold    . . .     Gourm    .   m - +0 buckler
rNeg     . . .     Faith    .   b - +0 animal skin
rPois    .         Spirit   .   n - +0 helmet
rElec    .         Reflect  .   p - +0 cloak
rCorr    .         Harm     .   (no gloves)
MR       .....                  (no boots)
Stlth    ..........             (no amulet)
HPRegen  0.15/turn              (no ring)
MPRegen  0.08/turn              (no ring)

@: berserking, very quick
A: no striking features
a: Berserk, Renounce Religion


You were on level 2 of the Dungeon.
You worshipped Trog.
Trog was aware of your devotion.
You were not hungry.

You visited 1 branch of the dungeon, and saw 2 of its levels.

You collected 17 gold pieces.

Inventory:

Hand Weapons
 a - a +0 hand axe (weapon)
Armour
 b - a +0 animal skin (worn)
 m - a +0 buckler (worn)
 n - a +0 helmet (worn)
 p - a +0 cloak (worn)
Jewellery
 t - a +4 ring of evasion {unknown}
Scrolls
 e - a scroll of identify {unknown}
 j - a scroll of magic mapping {unknown}
 k - a scroll of random uselessness {unknown}
 o - a scroll of fog {unknown}
 r - a scroll of enchant weapon {unknown}
Potions
 d - 3 potions of brilliance {unknown}
 f - 2 potions of heal wounds {unknown}
 g - a potion of mutation {unknown}
 h - a potion of might {unknown}
 i - a potion of flight {unknown}
 l - a potion of haste {unknown}
 q - a potion of curing {unknown}
 s - a potion of magic {unknown}
Comestibles
 c - 6 rations


   Skills:
 - Level 3.6 Fighting
 + Level 5.4 Axes
 - Level 2.1 Armour
 - Level 1.5 Dodging


You had 2 spell levels left.
You didn't know any spells.

Dungeon Overview and Level Annotations

Branches:
Dungeon (1/15)

Altars:


Message History

You closely miss the quasit.
The quasit is heavily wounded.
The quasit bites you but does no damage.
The quasit claws you but does no damage.
The quasit closely misses you.
You barely miss the quasit.
The quasit is heavily wounded.
The quasit bites you.
* * * LOW HITPOINT WARNING * * *
The quasit barely misses you. You block the quasit's attack.
You miss the quasit.
The quasit is heavily wounded.
The quasit bites you.
* * * LOW HITPOINT WARNING * * *
You feel clumsy. The quasit misses you. The quasit barely misses you.
You miss the quasit.
The quasit is heavily wounded.
The quasit bites you.
You die...

.( #.. # ..#.#
..#.# .... ..#
###g.#.### #
#.5g...... # ###
#@#..#.##. #
.....####.#..# #
#.......#..# #
#.####..#...
####### #..#.###
......# #..#.#
#####.#
#.####..#.#####.#
#.#
#.......#........
#.#
#####.....†.....#


You could see a quasit, a hobgoblin and a goblin.

Vanquished Creatures
  An adder (D:2)
  2 giant cockroaches (D:1)
  4 goblins
  A ball python (D:2)
  A bat (D:1)
  A frilled lizard (D:1)
  2 kobolds
  5 rats
17 creatures vanquished.

Notes
Turn   | Place    | Note
-------+----------+-------------------------------------------
     0 | D:1      | poofeast420 the Hill Orc Berserker began the quest for the Orb.
     0 | D:1      | Reached XP level 1. HP: 19/19 MP: 1/1
   282 | D:1      | Reached XP level 2. HP: 24/26 MP: 2/2
   553 | D:1      | You fall through a shaft!
   619 | D:2      | Reached skill level 5 in Axes
   704 | D:2      | Reached XP level 3. HP: 28/31 MP: 3/3
   735 | D:2      | HP: 1/46 [quasit (2)]
   736 | D:2      | Slain by a quasit

Vault maps used:
D:1:      dpeg_arrival_boxes_within_box
D:2:      yredelemnul_forgotten_temple_becter, kennysheep_flooded_box

Skill      XL: |  1  2 |
---------------+-------+-----
Axes           | 5 |  5.4
Fighting       | |  3.6
Armour         | |  2.1
Dodging        | |  1.5

Action                   || total
-------------------------++-------
Melee: Hand axe          ||    62
Invok: Berserk           ||     1
Armor: Animal skin       ||    29
Dodge: Dodged            ||    58
Block: Buckler           ||    11

Table legend:
 A = Spawn XP
 B = Non-spawn XP
 C = Spawn XP percentage of total XP
 D = Spawn monster count
 E = Non-spawn monster count
 F = Spawn count percentage of total count
 G = Total turns spent on level
                    A         B        C        D         E        F      G
               +---------+---------+-------+---------+---------+-------+---------
         Total |       0 |      35 |   0.0 |       0 |      17 |   0.0 |   736
               +---------+---------+-------+---------+---------+-------+---------
           D:1 |       0 |      13 |   0.0 |       0 |      10 |   0.0 |   553
           D:2 |       0 |      22 |   0.0 |       0 |       7 |   0.0 |   183
               +---------+---------+-------+---------+---------+-------+---------
